 Dungeon Crawl Stone Soup version 0.27.0-1-g7a089689b8 (webtiles) character file.

Game seed: 2228838864971720817

15 sanka the Vexing (level 2, 0/29 HPs)
             Began as an Ogre Enchanter on Aug 13, 2021.
             Was a Follower of Kikubaaqudgha.
             Slain by an endoplasm (3 damage)
             ... on level 1 of the Dungeon.
             The game lasted 00:01:56 (1205 turns).

sanka the Vexing (Ogre Enchanter)                   Turns: 1205, Time: 00:01:57

Health: 0/29       AC:  3    Str: 11    XL:     2   Next: 50%
Magic:  5/5        EV:  9    Int: 16    God:    Kikubaaqudgha [*.....]
Gold:   42         SH:  0    Dex:  9    Spells: 2/5 levels left

rFire    . . .     SeeInvis .   a - +1 dagger
rCold    . . .     Faith    .   (no shield)
rNeg     . . .     Spirit   .   b - +0 robe
rPois    .         Reflect  .   (helmet restricted)
rElec    .         Harm     .   (no cloak)
rCorr    .         Rampage  .   (gloves unavailable)
Will     .....                  (boots unavailable)
Stlth    ++........             (no amulet)
HPRegen  0.09/turn              (no ring)
MPRegen  0.09/turn              (no ring)

@: no status effects
A: large, unfitting armour, tough skin 1
a: Renounce Religion, Receive Corpses


You were on level 1 of the Dungeon.
You worshipped Kikubaaqudgha.
Kikubaaqudgha was aware of your devotion.
You visited 1 branch of the dungeon, and saw 2 of its levels.

You collected 42 gold pieces.


Innate Abilities, Weirdness & Mutations

You are too large for most types of armour.
You have tough skin. (AC +1)


   Skills:
 + Level 2.5 Fighting
 - Level 0.8 Short Blades
 - Level 1.7 Dodging
 - Level 2.1 Stealth
 - Level 2.4 Spellcasting
 - Level 2.6 Hexes
 + Level 0.4 Necromancy


You had 2 spell levels left.
You knew the following spells:

 Your Spells              Type           Power      Damage    Failure   Level
y - Animate Skeleton      Necr           6%         N/A       17%         1
z - Pain                  Necr           12%        1d4       17%         1
Z - Corona                Hex            11%        N/A       7%          1

Your spell library contained the following spells:

 Spells                   Type           Power      Damage    Failure   Level
 Ensorcelled Hibernation  Hex/Ice        12%        N/A       17%         2
 Sublimation of Blood     Necr           1%         N/A       26%         2
 Confusing Touch          Hex            10%        N/A       21%         3
 Tukima's Dance           Hex            10%        N/A       21%         3
 Dazzling Flash           Conj/Hex       12%        N/A       34%         3
 Vampiric Draining        Necr           1%         2d6       45%         3

Inventory:

Hand Weapons
 a - a +1 dagger (weapon)
Missiles
 g - 8 javelins
Armour
 b - a +0 robe (worn)
Scrolls
 e - a scroll of magic mapping {unknown}
 f - a scroll of enchant weapon {unknown}
Potions
 c - 2 potions of haste {unknown}
 d - a potion of invisibility {unknown}

Dungeon Overview and Level Annotations

Branches:
Dungeon (2/15)

Altars:
Kikubaaqudgha

Annotations:
D:1 exclusion: gnoll

▒..........▒▒▒▒.....▒▒▒▒▒▒▒....
▒.▒▒▒.▒.▒▒................'....
▒.▒...▒.▒▒.▒▒▒▒▒▒▒▒▒▒▒▒▒▒▒▒....
▒.▒...▒+▒▒.▒ ▒........'....
▒.▒......▒.▒ ▒.▒▒▒▒▒▒▒▒....
▒.▒▒.....▒.▒ ▒.▒ ▒.▒▒▒
▒.▒▒.....▒.▒ ▒.▒ ▒.▒
▒.▒▒▒....▒.▒▒▒▒▒▒▒.▒▒▒ ▒.▒
▒........>..†JO......▒ ▒.▒
▒▒▒▒▒'▒▒▒.▒▒▒▒▒...▒▒.▒▒▒▒▒▒.▒
▒.........................▒.▒▒▒
▒.......▒.................)....
▒.......▒.................▒..▒.
▒.......▒.▒▒▒▒▒...▒▒▒..▒..▒▒▒▒.
▒.......▒...▒ ▒...▒ ▒▒.▒.......
▒.......▒...▒ ▒...▒ ▒.▒.▒▒▒▒..
▒.......▒...▒ ▒...▒▒▒▒.▒.▒ ▒..


You could see an endoplasm.


Message History

* * * LOW HITPOINT WARNING * * *
You hit the hobgoblin but do no damage.
The hobgoblin is almost dead.
The hobgoblin hits you but does no damage.
You hit the hobgoblin.
You kill the hobgoblin!
Kikubaaqudgha accepts your kill.
You hit the endoplasm.
The endoplasm is lightly wounded.
The endoplasm closely misses you.
You hit the endoplasm.
The endoplasm is moderately wounded.
The endoplasm freezes you.
You are frozen.
* * * LOW HITPOINT WARNING * * *
You hit the endoplasm but do no damage.
The endoplasm is moderately wounded.
The endoplasm barely misses you.
You barely miss the endoplasm.
The endoplasm is moderately wounded.
The endoplasm hits you.
* * * LOW HITPOINT WARNING * * *
You hit the endoplasm.
The endoplasm is heavily wounded.
The endoplasm hits you but does no damage.
You hit the endoplasm.
The endoplasm is almost dead.
The endoplasm hits you.
You die...
Kikubaaqudgha rasps: "You have failed me!
Welcome... death!"

Action                   || total
-------------------------++-------
Melee: Dagger            ||    60
Armor: Robe              ||    21
Dodge: Dodged            ||    23

Levels and vault maps discovered:
D:1:      amcnicky_arrival_underground_garden, layout_basic,
          basic_ecumenical_altar
D:2:      layout_basic, uniq_natasha

Notes
Turn   | Place    | Note
-------+----------+-------------------------------------------
     0 | D:1      | sanka the Ogre Enchanter began the quest for the Orb.
     0 | D:1      | Reached XP level 1. HP: 16/16 MP: 3/3
    39 | D:1      | Reached skill level 1 in Fighting
   291 | D:1      | Reached skill level 2 in Fighting
   442 | D:1      | Found a faded altar of an unknown god.
   456 | D:1      | Reached XP level 2. HP: 25/28 MP: 5/5
   456 | D:1      | Became a worshipper of Kikubaaqudgha
   456 | D:1      | Reached * piety under Kikubaaqudgha
   456 | D:1      | Received a gift from Kikubaaqudgha
   459 | D:1      | Learned a level 1 spell: Pain
   461 | D:1      | Learned a level 1 spell: Animate Skeleton
  1205 | D:1      | Slain by an endoplasm

Vanquished Creatures
  2 ball pythons (D:1)
  2 bats (D:1)
  An endoplasm (D:1)
  A giant cockroach (D:1)
  A goblin (D:1)
  A hobgoblin (D:1)
  2 kobolds (D:1)
  A quokka (D:1)
  A frilled lizard (D:1)
12 creatures vanquished.
